 Dungeon Crawl Stone Soup version 0.31-a0-1-g4198be8af4 (webtiles) character file.

Game seed: 4207470085499035432

376 ytrimaz the Covert (level 6, 0/39 HPs)
             Began as an Octopode Brigand on May 1, 2023.
             Slain by Blork the orc
             ... wielding a +0 war axe of venom
              (10 damage)
             ... on level 4 of the Dungeon.
             The game lasted 00:03:33 (2367 turns).

ytrimaz the Covert (Octopode Brigand)               Turns: 2367, Time: 00:03:34

Health: 0/39       AC:  1    Str: 10    XL:     6   Next: 73%
Magic:  6/6        EV: 15    Int: 13    God:
Gold:   209        SH:  5    Dex: 16    Spells: 5/5 levels left

rFire   . . .        a - +3 dagger
rCold   . . .        (no shield)
rNeg    . . .        (helmet restricted)
rPois   .            m - amulet of reflection
rElec   .            (no ring)
rCorr   .            (no ring)
SInv    .            (no ring)
Will    .....        (no ring)
Stlth   +++++        (no ring)
HPRegen 0.26/turn    (no ring)
MPRegen 0.10/turn    (no ring)
                     (no ring)

%: reflection
@: no status effects
A: almost no armour, amphibious, 8 rings, camouflage 1, gelatinous body 1,
(nimble swimmer 1), tentacles
a: no special abilities


You were on level 4 of the Dungeon.
You visited 1 branch of the dungeon, and saw 4 of its levels.

You collected 209 gold pieces.


Innate Abilities, Weirdness & Mutations

You cannot wear most types of armour.
You are amphibious.
You can wear up to eight rings at the same time.
Your skin changes colour to match your surroundings (Stealth+).
Your rubbery body absorbs attacks. (AC +1, EV +1)
((You are camouflaged when in or above water. (Stealth+)))
You have tentacles for arms and can constrict up to eight enemies at once.


   Skills:
 - Level 2.0 Fighting
 - Level 2.9 Short Blades
 - Level 2.0 Throwing
 + Level 4.4 Dodging
 + Level 8.3 Stealth


You had 5 spell levels left.
You didn't know any spells.
Your spell library contained the following spells:

 Spells                   Type           Power      Damage    Failure   Level
 Summon Small Mammal      Summ           0%         N/A       30%         1
 Sublimation of Blood     Necr           0%         N/A       43%         2
 Wereblood                Tmut           0%         N/A       43%         2
 Call Canine Familiar     Summ           0%         N/A       67%         3
 Frozen Ramparts          Ice            0%         1d1       67%         3
 Summon Guardian Golem    Hex/Summ       0%         N/A       67%         3
 Ice Form                 Ice/Tmut       0%         N/A       97%         4
 Summon Ice Beast         Ice/Summ       0%         N/A       97%         4
 Summon Hydra             Summ           0%         N/A       100%        7

Inventory:

Hand Weapons
 a - a +3 dagger (weapon)
 e - a +0 short sword
   (You found it on level 1 of the Dungeon)
Missiles
 b - 9 poisoned darts
 c - 3 curare-tipped darts
Jewellery
 m - an amulet of reflection (around mantle)
   (You found it on level 2 of the Dungeon)
 p - an amulet of magic regeneration
   (You found it on level 3 of the Dungeon)
Wands
 h - a wand of roots (2) (quivered)
   (You found it on level 2 of the Dungeon)
 k - a wand of flame (12)
   (You found it on level 2 of the Dungeon)
Scrolls
 d - 2 scrolls of blinking
 f - 2 scrolls of amnesia
 l - 2 scrolls of teleportation
Potions
 i - a potion of magic
 j - 2 potions of attraction
 o - a potion of brilliance {unknown}
 q - a potion of degeneration {unknown}
 r - a potion of might
 s - a potion of lignification
 t - 2 potions of curing
 v - a potion of mutation {unknown}

Dungeon Overview and Level Annotations

Branches:
Dungeon (4/15) Zot: 21652
 Temple: D:4-7

Altars:
Dithmenos
Uskayaw

Annotations:
D:3 2 transporters, Esekla's ghost, amateur OpDe
D:4 Blork the orc

#o# #.# ####. #.# #.# ##
#.# #.# #### #.#
#.####...
#.#########........
#†##........####.##
#.....#####.# #.#
##.#######g.#####.# #.#
......hh@oo....##.####.##
##.########.##.##........
#.##.#####.....
#...........⌠..
##########..... #.....
###... ###


You could see Blork the orc (fast, ally target), an orc priest (ally target), 2
friendly hounds and a friendly hobgoblin (summoned).


Message History

Things that are here:
a +0 dagger; a +2 leather armour of poison resistance The orc priest shouts!
You hit the orc. You grab the orc.
You constrict the orc, but do no damage.
The orc priest calls down the wrath of Beogh upon you.
Beogh smites you! The orc completely misses you.
Unknown command. 😕 HP[-8]
You take 8 damage, and now have 31/39 hp.
MASSIVE DAMAGE!! (PAUSE)
You hit the orc.
You kill the orc!
Unknown command. 😕 HP[+1] 😕 HP[+1]
You see here an adder corpse. 😕 HP[+1]
A hobgoblin comes into view.
The orc closely misses you.
A dart slug comes into view. 😕 HP[+1]
You hit the orc. Your grab misses the orc. Your squeeze misses the orc.
You block the orc's attack.
You hit the orc but do no damage. You grab the orc. You squeeze the orc.
You constrict the orc, but do no damage.
The orc hits you with a +0 club. 😕 HP[-3]
You take 3 damage, and now have 32/39 hp.
You hit the orc.
You kill the orc!
The hobgoblin barely misses you.
You hit the hobgoblin. You grab the hobgoblin. You squeeze the hobgoblin.
You kill the hobgoblin! 😕 HP[+1]
Things that are here:
30 gold pieces; a hobgoblin corpse The orc priest hits you with a +0 dagger. 😕 HP[-2]
You take 2 damage, and now have 31/39 hp.
You hit the orc priest but do no damage.
You grab the orc priest.
You constrict the orc priest, but do no damage.
You block the orc priest's attack.
Blork the orc comes into view.
He is wielding a +0 war axe of venom. 😕 HP[+1] Blork the orc shouts!
You hit the orc priest but do no damage.
You constrict the orc priest, but do no damage.
The orc priest looks satisfied for a moment.
Blork the orc gestures wildly while chanting.
Blork the orc seems to speed up.
You hit the orc priest but do no damage.
You constrict the orc priest, but do no damage.
The dart slug launches a dart at you.
You block slug dart... and reflect it back!
The slug dart hits the dart slug.
The orc priest struggles to escape constriction.
Unknown command.
You hit the orc priest but do no damage.
You constrict the orc priest, but do no damage.
The orc priest escapes!
The dart slug misses you.
You hit the dart slug. You grab the dart slug. You squeeze the dart slug.
You constrict the dart slug.
Blork the orc barely misses you. 😕 HP[+1]
You hit the dart slug but do no damage. You squeeze the dart slug.
You constrict the dart slug.
You kill the dart slug!
The orc priest closely misses you.
Blork the orc hits you with a +0 war axe of venom!
You are poisoned. 😮 HP[-7]
You take 7 damage, and now have 26/39 hp.
The orc priest attacks as you move away!
The orc priest closely misses you. Blork the orc attacks as you move away!
Blork the orc hits you with a +0 war axe of venom!
* * * LOW HITPOINT WARNING * * *
You are lethally poisoned!
* * * LOW HITPOINT WARNING * * *
You feel very sick.
You see here a dart slug corpse. 😱 HP[-22]
You take 22 damage, and now have 4/39 hp.
MASSIVE DAMAGE!! (PAUSE) It was a potion of curing.
You feel better.
Blork the orc looks satisfied for a moment.
Blork the orc points at you and mumbles some strange words.
The puff of flame misses you. 😨 HP[+6]
You regained 6 hp, and now have 10/39 hp.
Unknown command.
Okay, then.
Unknown command.
Press: ? - help, v - describe, . - travel
Here: Blork the orc, wielding a +0 war axe of venom and wearing a +0 robe (fast)
The floor, spattered with blood.
As you read the scroll of summoning, it crumbles to dust.
Wisps of shadow whirl around you...
Blork the orc hits you with a +0 war axe of venom!
You die...

Skill      XL: |  1  2  3  4  5 |
---------------+----------------+-----
Dodging        | 2 3 4 |  4.4
Stealth        | 6 8 |  8.3
Fighting       | |  2.0
Short Blades   | |  2.9
Throwing       | |  2.0

Action                     |  1- 3 |  4- 6 || total
---------------------------+-------+-------++-------
  Melee: Dagger            |    81 |    50 ||   131
         Constrict         |    20 |    11 ||    31
         Tentacles         |    11 |     9 ||    20
         Punch             |       |     1 ||     1
  Evoke: Wand              |       |     5 ||     5
    Use: Scroll            |       |    14 ||    14
         Potion            |       |     2 ||     2
   Stab: Sleeping          |    22 |    12 ||    34
 Armour: Skin              |    12 |     8 ||    20
  Dodge: Dodged            |    45 |    20 ||    65
  Block: Other             |       |     7 ||     7
         Reflection        |       |     1 ||     1

Levels and vault maps discovered:
D:1:      tarquinn_simple_flora_water_c, layout_rooms
D:2:      layout_loops_ring, kennysheep_generic_room_11
D:3:      layout_rooms, grunt_dithmenos_smoke, gammafunk_ghost_arena,
          kennysheep_big_empty_room
D:4:      layout_loops_ring, eat_drink_and_be_merry_uskayaw,
          minmay_temple_entry_nine_rooms, hangedman_decor_clover_reticule,
          minmay_misc_feat_pillars, solitary_fountain, uniq_grinder,
          uniq_blork_the_orc, uniq_sigmund

Notes
Turn   | Place    | Note
-------+----------+-------------------------------------------
     0 | D:1      | ytrimaz the Octopode Brigand began the quest for the Orb.
     0 | D:1      | Reached XP level 1. HP: 14/14 MP: 1/1
     0 | D:1      | magus.rc [v1.9.6]
   129 | D:1      | You pick up a book of Blood and begin reading...
   129 | D:1      | You add the spells Sublimation of Blood, Wereblood and
                  | Summon Hydra to your library.
   212 | D:1      | Reached XP level 2. HP: 14/19 MP: 2/2
   456 | D:1      | Reached XP level 3. HP: 6/24 MP: 3/3
   457 | D:1      | HP: 6/24 [bat (1)]
   465 | D:1      | HP: 6/24 [bat (1)]
   672 | D:2      | You pick up a book of Callings and begin reading...
   672 | D:2      | You add the spells Summon Small Mammal, Call Canine
                  | Familiar and Summon Guardian Golem to your library.
   751 | D:2      | Reached skill level 2 in Dodging
   751 | D:2      | Reached skill level 6 in Stealth
  1140 | D:2      | Reached XP level 4. HP: 29/29 MP: 4/4
  1394 | D:3      | Found a shadowy altar of Dithmenos.
  1422 | D:3      | Found a transporter.
  1452 | D:3      | Noticed Esekla's ghost (amateur OpDe)
  1456 | D:3      | Found a transporter.
  1849 | D:3      | Reached skill level 3 in Dodging
  1849 | D:3      | Reached XP level 5. HP: 20/34 MP: 5/5
  2020 | D:4      | Found a hide-covered altar of Uskayaw.
  2025 | D:4      | Reached skill level 7 in Stealth
  2097 | D:4      | Noticed Grinder
  2116 | D:4      | Killed Grinder
  2117 | D:4      | Reached skill level 4 in Dodging
  2117 | D:4      | Reached skill level 8 in Stealth
  2117 | D:4      | Reached XP level 6. HP: 39/39 MP: 6/6
  2213 | D:4      | You pick up a book of Rime and begin reading...
  2213 | D:4      | You add the spells Frozen Ramparts, Ice Form and Summon Ice
                  | Beast to your library.
  2359 | D:4      | Noticed Blork the orc
  2365 | D:4      | HP: 4/39 [poisoned by Blork the orc]
  2367 | D:4      | Slain by Blork the orc

Vanquished Creatures
  Grinder (D:4)
  An iguana (D:4)
  4 adders
  2 worms (D:2)
  2 dart slugs
  3 orcs (D:4)
  4 endoplasms
  2 giant cockroaches
  8 goblins
  12 hobgoblins
  2 jackals (D:1)
  4 kobolds
  4 quokkas
  5 ball pythons
  8 bats
  2 frilled lizards
  5 rats
69 creatures vanquished.

Vanquished Creatures (collateral kills)
  A jelly (D:3)
  An endoplasm (D:3)
2 creatures vanquished.

Grand Total: 71 creatures vanquished

Table legend:
 A = Non-vault XP
 B = Vault XP
 C = Vault XP percentage of total XP
 D = Non-vault monster count
 E = Vault monster count
 F = Vault count percentage of total count
                 A         B        C        D         E       F
            +---------+---------+-------+---------+---------+-------
      Total |     255 |     283 |  52.6 |      69 |       2 |   2.8
            +---------+---------+-------+---------+---------+-------
        D:1 |      38 |       0 |   0.0 |      21 |       0 |   0.0
        D:2 |      57 |       2 |   3.4 |      25 |       1 |   3.8
        D:3 |      90 |       0 |   0.0 |      14 |       0 |   0.0
        D:4 |      70 |     281 |  80.1 |       9 |       1 |  10.0
            +---------+---------+-------+---------+---------+-------

Skill      XL: |  1  2  3  4  5 |
---------------+----------------+-----
Dodging        | 2 3 4 |  4.4
Stealth        | 6 8 |  8.3
Fighting       | |  2.0
Short Blades   | |  2.9
Throwing       | |  2.0

Action                     |  1- 3 |  4- 6 || total
---------------------------+-------+-------++-------
  Melee: Dagger            |    81 |    50 ||   131
         Constrict         |    20 |    11 ||    31
         Tentacles         |    11 |     9 ||    20
         Punch             |       |     1 ||     1
  Evoke: Wand              |       |     5 ||     5
    Use: Scroll            |       |    14 ||    14
         Potion            |       |     2 ||     2
   Stab: Sleeping          |    22 |    12 ||    34
 Armour: Skin              |    12 |     8 ||    20
  Dodge: Dodged            |    45 |    20 ||    65
  Block: Other             |       |     7 ||     7
         Reflection        |       |     1 ||     1

Illustrated notes

Table legend:
 A = Kills in this place as a percentage of kills in the entire game.
 B = Kills by you in this place as a percentage of kills by you in the entire game.
 C = Kills by friends in this place as a percentage of kills by friends in the entire game.
 D = Other kills in this place as a percentage of other kills in the entire game.
 E = Experience gained in this place as a percentage of experience gained in the entire game.
 F = Experience gained in this place divided by the number of levels of this place that you have seen.
                   A       B       C       D       E      F
               +-------+-------+-------+-------+-------+----------------------
         Total | 100.0 | 100.0 | 100.0 |   N/A | 100.0 | 134.5
       Dungeon | 100.0 | 100.0 | 100.0 |   N/A | 100.0 | 134.5
               +-------+-------+-------+-------+-------+----------------------

Table legend: (Time is in decaauts)
 A = Elapsed time spent in this place.
 B = Non-inter-level travel time spent in this place.
 C = Inter-level travel time spent in this place.
 D = Time resting spent in this place.
 E = Time spent auto-exploring this place.
 F = Levels seen in this place.
 G = Mean time per level.
                   A        B        C        D        E       F      G
               +--------+--------+--------+--------+--------+-----+--------+
         Total |   2346 |   2309 |     37 |     28 |   1717 |   4 |  586.5 |
       Dungeon |   2346 |   2309 |     37 |     28 |   1717 |   4 |  586.5 |
               +--------+--------+--------+--------+--------+-----+--------+

Top non-repeatable levels by time:
     D:2: 774 daAuts
     D:3: 605 daAuts
     D:1: 582 daAuts
     D:4: 384 daAuts
